TOP OF THE 1ST |
Hillsboro Hops batting - Pitching for State College Spikes : LHP Bobby Enright
|
Pitching: LHP Bobby Enright
|
|
Batting: RHB Dwane Reed
|
0-0: Ball 1-0: Called Strike 1-1: Ball 2-1: Foul Ball, location: 2F 2-2: Foul Ball, location: 2F 2-2: Ground out 5-3 (Groundball, 56S, EV 83.1 MPH)
|
Batting: RHB D.J. Cooke
|
0-0: Ball 1-0: Ball 2-0: Ball 3-0: Base on Balls
|
Batting: RHB Danny Loyola
|
0-0: Foul Ball, location: 2F 0-1: Called Strike 0-2: Ball 1-2: Ball 2-2: Strikes out swinging
|
Batting: LHB Koson Hirai
|
0-0: Fly out, F7 (Flyball, 7D, EV 99.4 MPH)
|
Top of the 1st over - 0 runs, 0 hits, 0 errors, 1 left on base; Hillsboro 0 - State College 0 |
BOTTOM OF THE 1ST |
State College Spikes batting - Pitching for Hillsboro Hops : LHP Henry Torres
|
Pitching: LHP Henry Torres
|
|
Batting: RHB Tim Cleary
|
0-0: Called Strike 0-1: Ball 1-1: DOUBLE (Line Drive, 9LS, EV 96.2 MPH)
|
Batting: RHB Nick Latulippe
|
0-0: Ball 1-0: Ball 2-0: Swinging Strike 2-1: Foul Ball, location: 2F 2-2: Foul Ball, location: 2F 2-2: Ball 3-2: Strikes out swinging
|
Batting: RHB Tommy Tracy
|
0-0: Ball 1-0: Ball Tim Cleary steals 3rd base 2-0: Called Strike 2-1: Called Strike 2-2: Ball 3-2: Strikes out looking
|
Batting: LHB Keith Rice
|
0-0: Called Strike 0-1: Ball 1-1: Ball 2-1: Foul Ball, location: 2F 2-2: Foul Ball, location: 2F 2-2: Foul Ball, location: 2F 2-2: Ground out 3-1 (Groundball, 34, EV 90.0 MPH)
|
Bottom of the 1st over - 0 runs, 1 hit, 0 errors, 1 left on base; Hillsboro 0 - State College 0 |
TOP OF THE 2ND |
Hillsboro Hops batting - Pitching for State College Spikes : LHP Bobby Enright
|
Batting: RHB Roberto Monzon
|
0-0: Ball 1-0: Foul Ball, location: 2F 1-1: Swinging Strike 1-2: Foul Ball, location: 2F 1-2: Strikes out looking
|
Batting: RHB Chris McGrath
|
0-0: Ball 1-0: Ball 2-0: TRIPLE (Flyball, 89XD, EV 101.9 MPH)
|
Batting: RHB Ryuki Ogasawara
|
0-0: Ground out 5-3 (Groundball, 56, EV 98.8 MPH) Chris McGrath scores
|
Batting: SHB Harrison McLaughlin
|
0-0: Fly out, F3 (Line Drive, 3, EV 65.6 MPH)
|
Top of the 2nd over - 1 run, 1 hit, 0 errors, 0 left on base; Hillsboro 1 - State College 0 |
BOTTOM OF THE 2ND |
State College Spikes batting - Pitching for Hillsboro Hops : LHP Henry Torres
|
Batting: SHB Gerardo Macias
|
0-0: Swinging Strike 0-1: Ball 1-1: Ground out 6-3 (Groundball, 6S, EV 67.5 MPH)
|
Batting: RHB Ben Politi
|
0-0: Called Strike 0-1: Ball 1-1: Ball 2-1: Ball 3-1: Base on Balls
|
Batting: RHB Vic Nelson
|
0-0: Ball Ben Politi steals 2nd base 1-0: Called Strike Ben Politi steals 3rd base 1-1: Swinging Strike 1-2: SINGLE (Groundball, 56D, EV 102.5 MPH) Ben Politi scores
|
Batting: RHB Bernard Claude
|
0-0: Called Strike 0-1: Ball 1-1: Foul Ball, location: 2F 1-2: Ball 2-2: Fielders Choice at 2nd, 1-6 (Groundball, 34S, EV 70.0 MPH)
|
Batting: RHB Alex Melgoza
|
0-0: Ball Wild Pitch! Bernard Claude to second 1-0: Ball 2-0: Ground out 5-3 (Groundball, 56, EV 80.6 MPH)
|
Bottom of the 2nd over - 1 run, 1 hit, 0 errors, 1 left on base; Hillsboro 1 - State College 1 |
TOP OF THE 3RD |
Hillsboro Hops batting - Pitching for State College Spikes : LHP Bobby Enright
|
Batting: RHB Trevor Corey
|
0-0: Called Strike 0-1: Ball 1-1: Called Strike 1-2: SINGLE (Groundball, 4MD, EV 98.8 MPH)
|
Batting: RHB Dwane Reed
|
0-0: Foul Ball, location: 2F 0-1: Fielders Choice at 2nd, 6-4 (Groundball, 56, EV 88.8 MPH)
|
Batting: RHB D.J. Cooke
|
0-0: Called Strike Dwane Reed steals 2nd base 0-1: Ground out 5-3 (Groundball, 56, EV 107.5 MPH)
|
Batting: RHB Danny Loyola
|
0-0: Ball 1-0: Ball 2-0: Ball 3-0: Called Strike 3-1: Fly out, F7 (Line Drive, 7, EV 86.2 MPH)
|
Top of the 3rd over - 0 runs, 1 hit, 0 errors, 1 left on base; Hillsboro 1 - State College 1 |
BOTTOM OF THE 3RD |
State College Spikes batting - Pitching for Hillsboro Hops : LHP Henry Torres
|
Batting: RHB Tim Cleary
|
0-0: Ball 1-0: Called Strike 1-1: Called Strike 1-2: TRIPLE (Line Drive, 8RXD, EV 106.2 MPH)
|
Batting: RHB Nick Latulippe
|
0-0: Swinging Strike 0-1: Ball 1-1: Foul Ball, location: 2F 1-2: Ball 2-2: Strikes out swinging
|
Batting: RHB Tommy Tracy
|
0-0: Ball Wild Pitch! Tim Cleary scores 1-0: SINGLE (Groundball, 6D, EV 94.4 MPH)
|
Batting: LHB Keith Rice
|
0-0: Ball 1-0: Called Strike 1-1: Ball 2-1: Ball 3-1: Base on Balls Tommy Tracy to second
|
Batting: SHB Gerardo Macias
|
0-0: Ball 1-0: Ball 2-0: Called Strike 2-1: Foul Ball, location: 2F 2-2: Strikes out swinging
|
Batting: RHB Ben Politi
|
0-0: Ball 1-0: Swinging Strike 1-1: Called Strike 1-2: Ball 2-2: Foul Ball, location: 2F 2-2: Ball 3-2: Foul Ball, location: 2F 3-2: Foul Ball, location: 2F 3-2: Foul Ball, location: 2F 3-2: Foul Ball, location: 2F 3-2: Ground out 4-3 (Groundball, 4, EV 105.0 MPH)
|
Bottom of the 3rd over - 1 run, 2 hits, 0 errors, 2 left on base; Hillsboro 1 - State College 2 |
TOP OF THE 4TH |
Hillsboro Hops batting - Pitching for State College Spikes : LHP Bobby Enright
|
Batting: LHB Koson Hirai
|
0-0: Ground out 4-3 (Groundball, 34, EV 89.4 MPH)
|
Batting: RHB Roberto Monzon
|
0-0: Swinging Strike 0-1: Swinging Strike 0-2: Ball 1-2: Ball 2-2: Foul Ball, location: 2F 2-2: Ground out 4-3 (Groundball, 34, EV 101.9 MPH)
|
Batting: RHB Chris McGrath
|
0-0: Ground out 6-3 (Groundball, 6, EV 105.0 MPH)
|
Top of the 4th over - 0 runs, 0 hits, 0 errors, 0 left on base; Hillsboro 1 - State College 2 |
BOTTOM OF THE 4TH |
State College Spikes batting - Pitching for Hillsboro Hops : LHP Henry Torres
|
Batting: RHB Vic Nelson
|
0-0: Ball 1-0: Ball 2-0: Foul Ball, location: 2F 2-1: Foul Ball, location: 2F 2-2: Foul Ball, location: 2F 2-2: Foul Ball, location: 2F 2-2: Foul Ball, location: 2F 2-2: Foul Ball, location: 2F 2-2: Ground out 5-3 (Groundball, 56, EV 81.2 MPH)
|
Batting: RHB Bernard Claude
|
0-0: Called Strike 0-1: SOLO HOME RUN (Flyball, 7D, EV 98.1 MPH), Distance : 383 ft
|
Batting: RHB Alex Melgoza
|
0-0: Ball 1-0: Ball 2-0: Ball 3-0: Called Strike 3-1: Foul Ball, location: 2F 3-2: Base on Balls
|
Batting: RHB Tim Cleary
|
Pickoff Throw to First - Out! 1-3 CS 0-0: Ball 1-0: Swinging Strike 1-1: DOUBLE (Groundball, 5L, EV 100.6 MPH)
|
Pitching: RHP Addick Huiberts
|
|
Batting: RHB Nick Latulippe
|
0-0: Ball 1-0: Foul Ball, location: 2F 1-1: Ball 2-1: Ball 3-1: Base on Balls
|
Batting: RHB Tommy Tracy
|
0-0: Ball Wild Pitch! Tim Cleary to third Nick Latulippe to second 1-0: Ball 2-0: Ball 3-0: Called Strike 3-1: Called Strike 3-2: Base on Balls
|
Batting: LHB Keith Rice
|
0-0: Ball 1-0: Foul Ball, location: 2F 1-1: Ball 2-1: Foul Ball, location: 2F 2-2: Foul Ball, location: 2F 2-2: Fielders Choice at 2nd, 6-4 (Groundball, 6, EV 75.6 MPH)
|
Bottom of the 4th over - 1 run, 2 hits, 0 errors, 3 left on base; Hillsboro 1 - State College 3 |
TOP OF THE 5TH |
Hillsboro Hops batting - Pitching for State College Spikes : LHP Bobby Enright
|
Batting: RHB Ryuki Ogasawara
|
0-0: Called Strike 0-1: Ball 1-1: SINGLE (Line Drive, 7S, EV 106.2 MPH)
|
Batting: SHB Harrison McLaughlin
|
0-0: Called Strike 0-1: Foul Ball, location: 2F 0-2: TRIPLE (Line Drive, 78XD, EV 110.6 MPH) Ryuki Ogasawara scores
|
Batting: RHB Trevor Corey
|
0-0: Ball 1-0: Foul Ball, location: 2F 1-1: Swinging Strike 1-2: Ball 2-2: Ball 3-2: Ground out 6-3 (Groundball, 6, EV 85.0 MPH) Harrison McLaughlin scores
|
Batting: RHB Dwane Reed
|
0-0: Called Strike 0-1: Swinging Strike 0-2: Ball 1-2: Ball 2-2: Foul Ball, location: 2F 2-2: SINGLE (Line Drive, 8RS, EV 90.6 MPH)
|
Batting: RHB D.J. Cooke
|
0-0: Called Strike 0-1: Called Strike 0-2: Fly out, F7 (Flyball, 78M, EV 75.6 MPH)
|
Batting: RHB Danny Loyola
|
0-0: Ball 1-0: Fielders Choice at 2nd, 6-4 (Groundball, 6, EV 100.6 MPH)
|
Top of the 5th over - 2 runs, 3 hits, 0 errors, 1 left on base; Hillsboro 3 - State College 3 |
BOTTOM OF THE 5TH |
State College Spikes batting - Pitching for Hillsboro Hops : RHP Addick Huiberts
|
Batting: SHB Gerardo Macias
|
0-0: Called Strike 0-1: Ground out 4-3 (Groundball, 4, EV 103.8 MPH)
|
Batting: RHB Ben Politi
|
0-0: Called Strike 0-1: Foul Ball, location: 2F 0-2: Ball 1-2: Foul Ball, location: 2F 1-2: Ground out 1-3 (Groundball, P, EV 76.2 MPH)
|
Batting: RHB Vic Nelson
|
0-0: Ground out 4-3 (Groundball, 4, EV 76.2 MPH)
|
Bottom of the 5th over - 0 runs, 0 hits, 0 errors, 0 left on base; Hillsboro 3 - State College 3 |
TOP OF THE 6TH |
Hillsboro Hops batting - Pitching for State College Spikes : LHP Bobby Enright
|
Batting: LHB Koson Hirai
|
0-0: Fly out, F7 (Flyball, 78S, EV 94.4 MPH)
|
Batting: RHB Roberto Monzon
|
0-0: Ball 1-0: Called Strike 1-1: Foul Ball, location: 2F 1-2: Ball 2-2: Fly out, F2 (Popup, 23F, EV 89.4 MPH)
|
Batting: RHB Chris McGrath
|
0-0: Foul Ball, location: 2F 0-1: Ball 1-1: Ball 2-1: SOLO HOME RUN (Flyball, 78XD, EV 115.6 MPH), Distance : 429 ft
|
Batting: RHB Ryuki Ogasawara
|
0-0: Ball 1-0: Swinging Strike 1-1: Swinging Strike 1-2: Ball 2-2: Strikes out swinging
|
Top of the 6th over - 1 run, 1 hit, 0 errors, 0 left on base; Hillsboro 4 - State College 3 |
BOTTOM OF THE 6TH |
State College Spikes batting - Pitching for Hillsboro Hops : RHP Addick Huiberts
|
Batting: RHB Bernard Claude
|
0-0: Called Strike 0-1: Swinging Strike 0-2: Strikes out swinging
|
Batting: RHB Alex Melgoza
|
0-0: Called Strike 0-1: Swinging Strike 0-2: Ball 1-2: Strikes out swinging
|
Batting: RHB Tim Cleary
|
0-0: Ball 1-0: Swinging Strike 1-1: Fly out, F9 (Flyball, 9LMF, EV 83.1 MPH)
|
Bottom of the 6th over - 0 runs, 0 hits, 0 errors, 0 left on base; Hillsboro 4 - State College 3 |
TOP OF THE 7TH |
Hillsboro Hops batting - Pitching for State College Spikes : LHP Bobby Enright
|
Batting: SHB Harrison McLaughlin
|
0-0: Ball 1-0: Ball 2-0: Ball 3-0: Called Strike 3-1: Base on Balls
|
Pitching: RHP Adrian Frazier
|
|
Batting: RHB Trevor Corey
|
0-0: Ball 1-0: Ball 2-0: Foul Ball, location: 2F 2-1: Bunted foul 2-2: Strikes out looking
|
Batting: RHB Dwane Reed
|
0-0: Ball Harrison McLaughlin steals 2nd base 1-0: Ball 2-0: Ball 3-0: Called Strike 3-1: Called Strike 3-2: Ground out 1-3 (Groundball, 13, EV 70.6 MPH) Harrison McLaughlin to third
|
Batting: RHB D.J. Cooke
|
0-0: Ground out 4-3 (Groundball, 4, EV 90.0 MPH)
|
Top of the 7th over - 0 runs, 0 hits, 0 errors, 1 left on base; Hillsboro 4 - State College 3 |
BOTTOM OF THE 7TH |
State College Spikes batting - Pitching for Hillsboro Hops : RHP Addick Huiberts
|
Pitching: LHP Tristan Morrow
|
|
Batting: RHB Nick Latulippe
|
0-0: Called Strike 0-1: Swinging Strike 0-2: Ball 1-2: Ball 2-2: Foul Ball, location: 2F 2-2: Foul Ball, location: 2F 2-2: Ball 3-2: Strikes out looking
|
Batting: RHB Tommy Tracy
|
0-0: Swinging Strike 0-1: Ball 1-1: Foul Ball, location: 2F 1-2: Ball 2-2: Strikes out swinging
|
Batting: LHB Keith Rice
|
0-0: SINGLE (Groundball, 6D, EV 93.8 MPH)
|
Batting: SHB Gerardo Macias
|
0-0: Called Strike 0-1: Ball 1-1: Foul Ball, location: 2F 1-2: Ball 2-2: DOUBLE (Flyball, 8RXD, EV 107.5 MPH) Keith Rice to third
|
Batting: RHB Ben Politi
|
0-0: Ball 1-0: Fly out, F8 (Flyball, 8LM, EV 96.2 MPH)
|
Bottom of the 7th over - 0 runs, 2 hits, 0 errors, 2 left on base; Hillsboro 4 - State College 3 |
TOP OF THE 8TH |
Hillsboro Hops batting - Pitching for State College Spikes : RHP Adrian Frazier
|
Batting: RHB Danny Loyola
|
0-0: Ball 1-0: Foul Ball, location: 2F 1-1: Ground out 5-3 (Groundball, 56, EV 87.5 MPH)
|
Batting: LHB Koson Hirai
|
0-0: Ball 1-0: Foul Ball, location: 2F 1-1: Swinging Strike 1-2: Strikes out swinging, 2-3 out at first.
|
Batting: RHB Roberto Monzon
|
0-0: Called Strike 0-1: Foul Ball, location: 2F 0-2: Strikes out swinging
|
Top of the 8th over - 0 runs, 0 hits, 0 errors, 0 left on base; Hillsboro 4 - State College 3 |
BOTTOM OF THE 8TH |
State College Spikes batting - Pitching for Hillsboro Hops : LHP Tristan Morrow
|
Batting: RHB Vic Nelson
|
0-0: Ball 1-0: SINGLE (Groundball, 4MD, EV 102.5 MPH)
|
Batting: RHB Bernard Claude
|
0-0: Sac Bunt to 25 - play at first, batter OUT! 5-3 Vic Nelson to second
|
Batting: RHB Alex Melgoza
|
0-0: Called Strike 0-1: Ball 1-1: Fly out, F9 (Flyball, 9, EV 89.4 MPH)
|
Batting: RHB Tim Cleary
|
0-0: Ball 1-0: Swinging Strike 1-1: Ball 2-1: Foul Ball, location: 2F Balk! Vic Nelson to third 2-2: Ball 3-2: Fly out, F8 (Flyball, 8RD, EV 83.8 MPH)
|
Bottom of the 8th over - 0 runs, 1 hit, 0 errors, 1 left on base; Hillsboro 4 - State College 3 |
TOP OF THE 9TH |
Hillsboro Hops batting - Pitching for State College Spikes : RHP Adrian Frazier
|
Pinch Hitting: SHB Morgan Batson
|
0-0: Called Strike 0-1: DOUBLE (Line Drive, 78XD, EV 105.0 MPH)
|
Batting: RHB Ryuki Ogasawara
|
0-0: Sac Bunt to 13S - play at first, batter OUT! 1-3 Morgan Batson to third
|
Batting: SHB Harrison McLaughlin
|
0-0: Intentional Walk
|
Batting: RHB Trevor Corey
|
Pickoff Throw to First - Out! 1-3 0-0: Ball 1-0: Swinging Strike 1-1: Foul Ball, location: 2F 1-2: Foul Ball, location: 2F 1-2: Ball 2-2: Strikes out swinging
|
Top of the 9th over - 0 runs, 1 hit, 0 errors, 1 left on base; Hillsboro 4 - State College 3 |
BOTTOM OF THE 9TH |
State College Spikes batting - Pitching for Hillsboro Hops : LHP Tristan Morrow
|
Pitching: RHP John Meyer
|
|
Now in LF: Jake Shelton
|
|
Batting: RHB Nick Latulippe
|
0-0: Called Strike 0-1: Swinging Strike 0-2: Strikes out swinging wild pitch, reaches first!
|
Batting: RHB Tommy Tracy
|
0-0: Called Strike 0-1: Swinging Strike 0-2: Ball 1-2: Fielders Choice at 2nd, 4-6 (Groundball, 4, EV 81.9 MPH)
|
Batting: LHB Keith Rice
|
0-0: Foul Ball, location: 2F 0-1: Ball 1-1: Grounds into double play, 6-4-3 (Groundball, 6, EV 93.8 MPH)
|
Bottom of the 9th over - 0 runs, 0 hits, 0 errors, 0 left on base; Hillsboro 4 - State College 3 |
|